 Dungeon Crawl Stone Soup version 0.19-a0-559-ga3d69d0 (webtiles) character file.

69129 tyrsky the Zephyrmancer (level 14, -2/125 HPs)
             Began as a Pale Draconian Air Elementalist on June 8, 2016.
             Was a High Priest of Vehumet.
             Slain by a war gargoyle
             ... wielding a +0 lajatang
              (15 damage)
             ... on level 14 of the Dungeon.
             The game lasted 02:43:25 (15049 turns).

tyrsky the Zephyrmancer (DrAE)                     Turns: 15049, Time: 02:43:25

Health: -2/125     AC: 16    Str: 12    XL:     14   Next: 89%
Magic:  38/38      EV: 16    Int: 24    God:    Vehumet [*****.]
Gold:   967        SH:  0    Dex: 11    Spells: 6 memorised, 13 levels left

rFire  . . .     SeeInvis .     e - staff of conjuration
rCold  + . .     Gourm    .     (armour unavailable)
rNeg   . . .     Faith    .     (no shield)
rPois  +         Spirit   .     v - +2 hat
rElec  .         Dismiss  .     x - +2 cloak
rCorr  .         Reflect  .     p - +1 pair of gloves
SustAt .         Harm     .     J - +0 pair of boots
MR     ++++.                    D - amulet of magic regeneration
Stlth  ++........               X - ring of magical power
                                C - ring "Cidy" {rPois rC+ MR+++ Int+4 Stlth-}

@: about to teleport, repel missiles, incredibly resistant to hostile
enchantments, unstealthy
A: breathe steam, unfitting armour, cold-blooded, AC +8
a: Breathe Steam, Renounce Religion


You were on level 14 of the Dungeon.
You worshipped Vehumet.
Vehumet was extremely pleased with you.
You were not hungry.

You visited 3 branches of the dungeon, and saw 23 of its levels.
You also visited: Ice Cave.

You collected 1318 gold pieces.
You spent 351 gold pieces at shops.

Inventory:

Hand Weapons
 w - the +7 whip of Causality {slash, rElec rC+}
   (You found it on level 8 of the Dungeon)

   It inflicts extra damage upon your enemies.
   It protects you from cold.
   It insulates you from electricity.
Armour
 p - a +1 pair of gloves (worn)
 v - a +2 hat (worn)
 x - a +2 cloak (worn)
 J - a +0 pair of boots (worn)
Magical Staves
 e - an uncursed staff of conjuration (weapon)
Jewellery
 c - an uncursed ring of poison resistance
 j - an uncursed ring of magical power
 C - the ring "Cidy" (left hand) {rPois rC+ MR+++ Int+4 Stlth-}
   (You found it on level 8 of the Lair of Beasts)

   [ring of intelligence]

   It affects your intelligence (+4).
   It protects you from cold.
   It protects you from poison.
   It affects your resistance to hostile enchantments.
   It makes you less stealthy.
 D - an amulet of magic regeneration (around neck)
 O - an uncursed ring of resist corrosion {unknown}
 S - an uncursed ring of sustain attributes
 T - an uncursed ring of stealth
 U - an uncursed ring of see invisible
 X - a ring of magical power (right hand)
Wands
 f - a wand of lightning (11/15)
 s - a wand of digging (20/24)
 B - a wand of slowing (37/48)
 G - a wand of iceblast (9/15)
 K - a wand of teleportation (3/9)
 M - a wand of lightning (5/15)
 V - a wand of teleportation (2/9)
Scrolls
 h - a scroll of fear
 o - 3 scrolls of enchant weapon
 q - a scroll of amnesia
 r - 11 scrolls of teleportation
 t - 2 scrolls of enchant armour
 y - a scroll of summoning
 z - 9 scrolls of remove curse
 H - 3 scrolls of fog
 I - 4 scrolls of identify {@*1}
 Q - 7 scrolls of magic mapping
 W - a scroll of recharging
Potions
 g - 4 potions of brilliance
 k - 5 potions of curing
 l - a potion of invisibility
 n - 3 potions of flight
 E - a potion of magic
 R - 3 potions of cancellation
 Y - 4 potions of might
 Z - 3 potions of agility
Books
 a - a book of Air

   Spells                             Type                      Level
   a - Shock                          Conjuration/Air              1
   b - Swiftness                      Charms/Air                   2
   c - Repel Missiles                 Charms/Air                   2
   d - Static Discharge               Conjuration/Air              3
   e - Lightning Bolt                 Conjuration/Air              5
 d - a book of Battle

   Spells                             Type                      Level
   a - Infusion                       Charms                       1
   b - Shroud of Golubria             Charms/Translocation         2
   c - Song of Slaying                Charms                       2
   d - Spectral Weapon                Hexes/Charms                 3
   e - Regeneration                   Charms/Necromancy            3
 i - a book of Necromancy

   Spells                             Type                      Level
   a - Pain                           Necromancy                   1
   b - Animate Skeleton               Necromancy                   1
   c - Vampiric Draining              Necromancy                   3
   d - Regeneration                   Charms/Necromancy            3
   e - Animate Dead                   Necromancy                   4
   f - Control Undead                 Necromancy                   4
 A - a book of Enchantments

   Spells                             Type                      Level
   a - Cause Fear                     Hexes                        4
   b - Yara's Violent Unravelling     Hexes/Transmutation          5
   c - Silence                        Hexes/Air                    5
   d - Deflect Missiles               Charms/Air                   6
   e - Haste                          Charms                       6
   f - Discord                        Hexes                        8
 L - a book of Transfigurations

   Spells                             Type                      Level
   a - Irradiate                      Conjuration/Transmutation    5
   b - Statue Form                    Transmutation/Earth          6
   c - Hydra Form                     Transmutation                6
   d - Dragon Form                    Transmutation                7
 N - a book of Envenomations

   Spells                             Type                      Level
   a - Spider Form                    Transmutation/Poison         3
   b - Olgreb's Toxic Radiance        Poison                       4
   c - Alistair's Intoxication        Transmutation/Poison         5
   d - Poisonous Cloud                Conjuration/Poison/Air       6
 P - a book of Clouds

   Spells                             Type                      Level
   a - Mephitic Cloud                 Conjuration/Poison/Air       3
   b - Conjure Flame                  Conjuration/Fire             3
   c - Poisonous Cloud                Conjuration/Poison/Air       6
   d - Freezing Cloud                 Conjuration/Ice/Air          6
   e - Ring of Flames                 Charms/Fire                  7
Comestibles
 b - 11 bread rations
 F - 6 meat rations


   Skills:
 * Level 11.8 Fighting
 + Level 8.1 Maces & Flails
 + Level 7.8 Dodging
 + Level 5.9 Stealth
 * Level 11.6 Spellcasting
 + Level 11.5 Conjurations
 - Level 4.0 Charms
 - Level 4.0 Necromancy
 + Level 12.2 Air Magic


You had 13 spell levels left.
You knew the following spells:

 Your Spells              Type           Power        Failure   Level  Hunger
a - Airstrike             Air            ######....   1%          4    None
b - Static Discharge      Conj/Air       #######.     1%          3    None
c - Lightning Bolt        Conj/Air       #######...   1%          5    ####...
d - Repel Missiles        Chrm/Air       ######       1%          2    None
e - Regeneration          Chrm/Necr      ####......   2%          3    None
f - Poisonous Cloud       Conj/Pois/Air  ######....   9%          6    #####..


Dungeon Overview and Level Annotations

Branches:
Dungeon (14/15)            Temple (1/1) D:7            Lair (8/8) D:10
 Shoals (0/4) Lair:4       Spider (0/4) Lair:6        Slime (0/6) Lair:6
    Orc (0/2) D:11         Vaults (0/5) D:13

Altars:
Ashenzari
Cheibriados
Dithmenos
Gozag
Hepliaklqana
Kikubaaqudgha
Makhleb
Okawaru
Qazlal
Ru
Trog
Uskayaw
Vehumet
Xom
Yredelemnul
Zin
The Shining One
Jiyva

Shops:
D:4 (   D:8 }   D:10 *

Annotations:
D:11 Erolcha
Lair:6 hypermopl's ghost, journeyman DDSk


Innate Abilities, Weirdness & Mutations

You can breathe blasts of scalding, opaque steam.
Your pale cyan-grey scales are hard. (AC +8)
Your body does not fit into most forms of armour.
You are cold-blooded and may be slowed by cold attacks.


Message History

The scroll dissolves into smoke.
Your skin stops crawling.
Vehumet accepts your kill.
You feel a bit more experienced.
Okay, then.
Okay, then.
The war gargoyle launches metal splinters at you.
The spray of metal splinters hits you!
* * * LOW HITPOINT WARNING * * *
Okay, then.
Press: ? - help, v - describe, . - travel
Here: a war gargoyle, wielding a lajatang (grey smoke, lightly damaged, catching its breath)
The floor.
Evoke which item? (* to show all) (? for menu, Esc to quit)
Zapping:
V - a wand of teleportation (will waste charges)
Press: ? - help, Shift-Dir - straight line, f - you You feel strangely unstable.
Evoking this partially-identified wand wasted a few charges.
The war gargoyle hits you with a lajatang!
You die...

#........# #..#...+###
#........# ##........#
#........# ##§§§....#
+.>......#### #§C§....#
#........'..# #§§§....#
#........##.# #§§§....+
#........##.# #C§§....#
#........##.## #9§§§...#
####+######..###d§.....#
##...'§§§§...#
#####.......# ###.#####
#..# ....# ....# ....'
....(##


You could see a fire giant and a war gargoyle.

Vanquished Creatures
  2 vault guards (D:13)
  4 hydras
  The ghost of casual the Thaumaturge, a journeyman GrEE of Vehumet (Lair:2)
  2 centaur warriors (D:14)
  9 death yaks
  An unseen horror (D:13)
  3 wizards
  A hill giant (D:12)
  2 necromancers
  A cyclops (D:14)
  A manticore (Lair:4)
  A deep elf mage (D:14)
  2 griffons
  5 black mambas
  A shining eye (shapeshifter) (D:14)
  3 elephants (Lair:7)
  4 ice statues (IceCv)
  16 spiny frogs
  A gargoyle (D:10)
  A centaur skeleton (D:14)
  A freezing wraith (D:11)
  6 komodo dragons
  5 rime drakes
  3 kobold demonologists (D:13)
  6 ice devils (IceCv)
  A tengu conjurer (D:12)
  A spriggan druid (Lair:8)
  A jumping spider (Lair:6)
  3 meliai (D:12)
  10 polar bears
  2 trolls
  2 two-headed ogres
  27 blink frogs
  A boulder beetle (Lair:7)
  13 spriggans (Lair:8)
  13 redbacks
  3 wyverns
  19 humans (D:13)
  A basilisk (Lair:2)
  37 yaks
  A hungry ghost (D:14)
  A wraith (D:11)
  Grum (D:9)
  10 hippogriffs
  A steam dragon (D:9)
  3 wargs (D:11)
  A vampire mosquito (D:12)
  10 water moccasins
  7 porcupines
  5 ice beasts
  3 orc warriors
  A phantom (D:4)
  5 wasps (Lair:8)
  6 black bears
  5 ogres
  A sky beast (D:7)
  29 wolves
  4 boggarts (D:13)
  5 centaurs
  11 crocodiles
  2 big kobolds
  Blork the orc (D:5)
  24 giant frogs
  A gnoll sergeant (D:9)
  A wyvern skeleton (D:7)
  3 scorpions
  13 wights
  2 electric eels (Lair:7)
  4 crimson imps
  4 jellies
  3 draconian simulacra (IceCv)
  3 hounds
  2 giant frog skeletons
  6 orc priests
  6 orc wizards
  7 iguanas
  2 troll simulacra (IceCv)
  2 spriggan simulacra (IceCv)
  10 worker ants
  17 sheep
  The ghost of Lugonue the Ducker, a weakling MiGl (D:4)
  2 hound skeletons
  2 hound zombies
  2 human simulacra (D:9)
  A mummy (D:5)
  8 gnolls
  An ogre simulacrum (IceCv)
  11 adders
  2 naga simulacra (IceCv)
  49 river rats
  3 shadow imps
  An ooze (D:3)
  An adder skeleton (D:7)
  4 worms
  A dart slug (D:3)
  3 giant geckos
  51 orcs
  A ball python (D:1)
  3 bats
  9 giant cockroaches
  14 goblins
  4 hobgoblins
  10 jackals
  15 kobolds
  4 quokkas
  A giant cockroach zombie (D:6)
  A giant gecko skeleton (D:4)
  9 giant newts
  A jackal zombie (D:5)
  7 rats
  2 fungi
  A plant (Lair:6)
664 creatures vanquished.

Vanquished Creatures (others)
  A goblin (D:5)
  16 fungi
  15 plants
32 creatures vanquished.

Grand Total: 696 creatures vanquished

Notes
Turn   | Place    | Note
--------------------------------------------------------------
     0 | D:1      | tyrsky the Draconian Air Elementalist began the quest for the Orb.
     0 | D:1      | Reached XP level 1. HP: 14/14 MP: 3/3
   285 | D:1      | Reached XP level 2. HP: 13/20 MP: 0/5
   437 | D:2      | Learned a level 2 spell: Repel Missiles
   647 | D:2      | Reached XP level 3. HP: 26/26 MP: 6/6
   652 | D:2      | Learned a level 3 spell: Static Discharge
   661 | D:2      | Found a glowing golden altar of the Shining One.
   944 | D:3      | Reached XP level 4. HP: 33/33 MP: 7/7
  1302 | D:4      | Reached skill level 4 in Air Magic
  1444 | D:4      | Reached XP level 5. HP: 38/38 MP: 9/9
  1446 | D:4      | Found Moihuturch's Antique Weapon Boutique.
  1480 | D:4      | Noticed a phantom
  1569 | D:4      | Killed a phantom
  1669 | D:4      | Noticed an ogre
  1754 | D:5      | Entered Level 5 of the Dungeon
  2030 | D:4      | Noticed Lugonue's ghost (weakling MiGl)
  2042 | D:4      | Killed Lugonue's ghost
  2235 | D:4      | Reached XP level 6. HP: 45/45 MP: 11/11
  2403 | D:5      | Found a sand-covered staircase.
  2496 | D:5      | Reached skill level 5 in Air Magic
  2588 | D:5      | Noticed Blork the orc
  2597 | D:5      | Killed Blork the orc
  2597 | D:5      | Your scales start taking on a pale cyan-grey colour.
  2597 | D:5      | Reached XP level 7. HP: 20/50 MP: 4/13
  2887 | D:6      | Reached skill level 6 in Air Magic
  2992 | D:6      | Found an iron altar of Okawaru.
  2992 | D:6      | Found a burning altar of Makhleb.
  2992 | D:6      | Found a stormy altar of Qazlal.
  3015 | D:6      | Reached skill level 5 in Conjurations
  3287 | D:6      | Found a snail-covered altar of Cheibriados.
  3395 | D:6      | Reached skill level 5 in Spellcasting
  3433 | D:6      | Reached XP level 8. HP: 51/57 MP: 10/15
  3685 | D:7      | Reached skill level 7 in Air Magic
  3711 | D:7      | Found a staircase to the Ecumenical Temple.
  3718 | Temple   | Entered the Ecumenical Temple
  3751 | Temple   | Became a worshipper of Vehumet
  3991 | D:7      | Learned a level 5 spell: Lightning Bolt
  4228 | D:8      | Got a dazzling whip
  4229 | D:8      | Identified the +7 whip of Causality {slash, rElec rC+} (You found it on level 8 of the Dungeon)
  4636 | D:8      | Reached skill level 8 in Air Magic
  4636 | D:8      | Reached XP level 9. HP: 62/62 MP: 18/18
  4848 | D:8      | Found Jeost's Gadget Shoppe.
  4856 | D:8      | Bought a wand of teleportation (5/9) for 351 gold pieces
  5055 | D:9      | Learned a level 3 spell: Regeneration
  5076 | D:9      | Reached * piety under Vehumet
  5076 | D:9      | Offered knowledge of Flame Tongue by Vehumet.
  5166 | D:9      | Noticed Grum
  5172 | D:9      | Killed Grum
  5172 | D:9      | Reached skill level 9 in Air Magic
  5173 | D:9      | Reached skill level 1 in Fighting
  5173 | D:9      | Reached skill level 1 in Maces & Flails
  5505 | D:9      | Reached XP level 10. HP: 73/73 MP: 14/21
  5686 | D:10     | Entered Level 10 of the Dungeon
  5688 | D:10     | Offered knowledge of Freeze by Vehumet.
  5733 | D:10     | Reached ** piety under Vehumet
  5876 | D:10     | Found an iron altar of Okawaru.
  5879 | D:10     | Found Lampo's Assorted Antiques.
  5924 | D:10     | Found a staircase to the Lair.
  6349 | D:11     | Noticed a purple ugly thing
  6368 | D:11     | Noticed a gargoyle
  6545 | D:11     | Found a staircase to the Orcish Mines.
  6563 | D:11     | Noticed a death knight
  6598 | D:10     | Noticed a hill giant
  6651 | D:11     | Offered knowledge of Throw Frost by Vehumet.
  6700 | D:11     | Reached skill level 5 in Fighting
  6760 | D:11     | Found a shadowy altar of Dithmenos.
  6848 | D:11     | Reached XP level 11. HP: 56/86 MP: 19/23
  6850 | D:11     | Reached skill level 10 in Air Magic
  6943 | D:11     | Reached *** piety under Vehumet
  6969 | D:11     | Noticed Erolcha
  7112 | Lair:1   | Entered Level 1 of the Lair of Beasts
  7852 | Lair:2   | Offered knowledge of Dazzling Spray by Vehumet.
  7852 | Lair:2   | Reached skill level 1 in Charms
  7852 | Lair:2   | Reached skill level 1 in Necromancy
  8548 | Lair:4   | Reached **** piety under Vehumet
  8548 | Lair:4   | Reached skill level 5 in Maces & Flails
  8552 | Lair:4   | Reached skill level 5 in Dodging
  8612 | Lair:4   | Noticed a griffon
  8615 | Lair:4   | Found a staircase to the Shoals.
  8650 | Lair:4   | Killed a griffon
  8719 | Lair:4   | Offered knowledge of Fulminant Prism by Vehumet.
  8746 | Lair:4   | Reached XP level 12. HP: 76/100 MP: 21/24
  9054 | Lair:4   | Found a frozen archway.
  9082 | IceCv    | Entered an ice cave
  9403 | IceCv    | Reached ***** piety under Vehumet
  9460 | IceCv    | Offered knowledge of Airstrike by Vehumet.
  9466 | IceCv    | Learned a level 4 spell: Airstrike
  9854 | IceCv    | Reached skill level 10 in Conjurations
 10190 | Lair:6   | Noticed a death yak
 10190 | Lair:6   | Noticed a death yak
 10190 | Lair:6   | Noticed a death yak
 10240 | Lair:6   | Noticed hypermopl's ghost (journeyman DDSk)
 10380 | Lair:6   | Reached skill level 11 in Air Magic
 10410 | Lair:6   | Noticed a death yak
 10411 | Lair:6   | Noticed a death yak
 10425 | Lair:6   | Noticed a death yak
 10426 | Lair:6   | Noticed a death yak
 10560 | Lair:5   | Killed a death yak
 10783 | Lair:5   | Killed a death yak
 10792 | Lair:6   | Killed a death yak
 10865 | Lair:6   | Noticed an eight-headed hydra
 10961 | Lair:6   | Found a hole to the Spider Nest.
 11165 | Lair:6   | Noticed a death yak
 11166 | Lair:6   | Noticed a death yak
 11197 | Lair:6   | Killed a death yak
 11198 | Lair:6   | Killed a death yak
 11198 | Lair:6   | Reached XP level 13. HP: 85/111 MP: 8/26
 11297 | Lair:6   | Found a staircase to the Slime Pits.
 11298 | Lair:6   | Found a viscous altar of Jiyva.
 11629 | Lair:7   | Reached skill level 10 in Spellcasting
 12105 | Lair:7   | Reached skill level 10 in Fighting
 12231 | Lair:8   | Entered Level 8 of the Lair of Beasts
 12529 | Lair:7   | Offered knowledge of Poison Arrow by Vehumet.
 12600 | Lair:7   | HP: 2/113 [seven-headed hydra (6)]
 13119 | Lair:8   | Reached XP level 14. HP: 122/122 MP: 19/28
 13154 | Lair:8   | Learned a level 6 spell: Poisonous Cloud
 13353 | Lair:8   | Reached skill level 5 in Stealth
 13722 | Lair:8   | Got a bound jade ring
 13725 | Lair:8   | Identified the ring "Cidy" {rPois rC+ MR+++ Int+4 Stlth-} (You found it on level 8 of the Lair of Beasts)
 13883 | Lair:2   | Noticed casual's ghost (journeyman GrEE)
 13888 | Lair:2   | Killed casual's ghost
 14135 | D:12     | Offered knowledge of Bolt of Cold by Vehumet.
 14135 | D:12     | Reached skill level 12 in Air Magic
 14779 | D:13     | Found a gate to the Vaults.
 14968 | D:14     | Found a runed door.
 15034 | D:14     | Noticed a war gargoyle
 15034 | D:14     | Noticed a fire giant
 15049 | D:14     | Slain by a war gargoyle

Vault maps used:
D:1:      matt_arrival_spirals
D:2:      nicolae_overflow_crystal_walls
D:4:      gup_sewer_entry_bowl, first_bread, serial_shops, shop,
          minmay_ogre_servants
D:5:      gup_ossuary_entry_pyramid, uniq_blork_the_orc
D:6:      gammafunk_temple_overflow_claw, cheibrodos_worm_habitat
D:7:      minmay_temple_entry_overgrown
D:8:      serial_shops, shop, hangedman_ranch
D:9:      bh_circular_ruins, uniq_grum
D:10:     lair_0_dummy, serial_shops, shop, okawaru_trees_2
D:11:     minmay_orc_entry_guard_dogs, grunt_dithmenos_shadows, uniq_erolcha
D:12:     basic_altar
D:13:     grunt_vaults_entry_tiered, minmay_item_behind_shaft,
          grunt_ministairs_10
D:14:     minmay_st_funbox
Temple:   kilobyte_greek_temple_18
Lair:1:   wad_woods_road_03, serial_bayou_lake_a, uniq_nergalle
Lair:2:   bh_autumn_forest_stairs
Lair:4:   minmay_shoals_entry_beasts, portal_ice_cave_entry_animals_and_master
Lair:6:   spider_nest_entry_a, slime_altar_1, grunt_megastairs_1
Lair:7:   serial_bayou_shore_a
Lair:8:   minmay_lair_end_enchanted_forest, grunt_megastairs_5
IceCv:    ice_cave_tombish

Skill      XL: |  1  2  3  4  5  6  7  8  9 10 11 12 13 14 |
---------------+-------------------------------------------+-----
Conjurations   | 2 3 4 5 7 8 9 10 11 | 11.5
Air Magic      | 4 5 6 8 9 10 11 12 | 12.2
Spellcasting   | 3 4 5 6 7 8 9 10 11 | 11.6
Dodging        | 2 4 5 6 7 |  7.8
Fighting       | 1 5 7 9 10 11 | 11.8
Maces & Flails | 2 4 5 6 7 8 |  8.1
Charms         | 3 4 |  4.0
Necromancy     | 3 4 |  4.0
Stealth        | 3 4 5 |  5.9

Action                   |  1- 3 |  4- 6 |  7- 9 | 10-12 | 13-15 || total
-------------------------+-------+-------+-------+-------+-------++-------
Melee: Spear             |    25 |       |       |       |       ||    25
       Dagger            |     1 |     7 |    16 |       |       ||    24
       Whip              |       |       |    18 |   193 |   291 ||   502
       Tailslap          |       |       |     2 |    32 |    23 ||    57
       Staff             |       |       |       |       |    20 ||    20
 Cast: Shock             |    70 |   151 |   295 |   424 |       ||   940
       Repel Missiles    |     1 |       |       |     1 |       ||     2
       Static Discharge  |       |    12 |    30 |   191 |    99 ||   332
       Lightning Bolt    |       |       |    16 |    70 |    74 ||   160
       Regeneration      |       |       |     2 |    84 |    66 ||   152
       Airstrike         |       |       |       |    69 |   220 ||   289
       Poisonous Cloud   |       |       |       |       |    10 ||    10
Evoke: Wand              |       |       |       |     3 |     3 ||     6
  Use: Scroll            |     4 |     4 |     7 |    15 |     8 ||    38
       Potion            |       |       |       |     7 |     3 ||    10
 Stab: Sleeping          |     1 |       |       |       |       ||     1
  Eat: Chunk             |     1 |     2 |     9 |    15 |    39 ||    66
       Fruit             |       |     2 |       |       |       ||     2
       Meat ration       |       |     1 |     1 |     5 |       ||     7
       Pizza             |       |       |       |     1 |     1 ||     2
       Beef jerky        |       |       |       |     1 |       ||     1
Armor: Skin              |     8 |    26 |    50 |   158 |   190 ||   432
Dodge: Dodged            |    22 |    43 |    87 |   315 |   360 ||   827
       Deflected         |       |       |     2 |     6 |     3 ||    11
